Map: 2000 Atmospheres LE

Players

Pumba - Winner!

  • Race: Zerg Zerg
  • League: Master
  • Spawn Location: 7:00

Panic

  • Race: Protoss Protoss
  • League: Master
  • Spawn Location: 3:00

VOD

Have the link to the VOD?

Description

Time

  • Played on: Sept. 7, 2021, 8:09 p.m.
  • Length: 11:13
Show
View Real Time Build Order
Export as new Build Order

Pumba Zerg - Winner!

Build Orders: Pool First 

Get SALT Encoding   

  12  0:18  Spawning Pool  
  11  0:21  Drone  
  11  0:26  Drone  
  13  0:32  Drone  
  14  0:39  Overlord  
  14  1:05  Zergling x2  
  14  1:06  Zergling x4, Queen  
  19  1:17  Zergling x2  
  20  1:27  Zergling x2  
  21  1:34  Hatchery  
  20  1:44  Overlord  
  20  1:51  Drone  
  21  2:02  Queen  
  23  2:11  Drone  
  22  2:23  Drone x2  
  24  2:30  Drone x2  
  26  2:37  Drone  
  26  2:38  Queen  
  28  2:56  Drone  
  28  2:57  Drone  
  29  3:01  Drone  
  29  3:09  Drone x3, Hatchery  
  31  3:22  Drone x4  
  35  3:29  Overlord  
  35  3:47  Queen, Overlord  
  37  3:49  Drone x5  
  42  3:57  Drone x2  
  42  3:59  Overlord  
  44  4:10  Overlord  
  44  4:11  Zergling x4  
  44  4:13  Drone  
  47  4:18  Extractor  
  47  4:19  Extractor  
  47  4:22  Drone x3  
  47  4:23  Drone  
  49  4:31  Queen  
  51  4:34  Roach Warren  
  51  4:35  Drone  
  51  4:36  Drone x2  
  53  4:40  Drone  
  53  4:42  Drone x2, Extractor  
  53  4:43  Drone x2, Extractor  
  56  4:52  Drone x3  
  59  5:00  Queen  
  59  5:05  Spine Crawler  
  59  5:06  Metabolic Boost  
  60  5:07  Drone x2  
  60  5:08  Drone  
  60  5:09  Drone x2  
  60  5:11  Overlord  
  60  5:12  Overlord x2  
  65  5:15  Spine Crawler  
  65  5:19  Zergling x8  
  68  5:26  Zergling x10  
  73  5:30  Spine Crawler  
  72  5:38  Roach x4  
  77  5:50  Roach x3  
  77  5:54  Roach x3  
  77  5:55  Roach  
  87  6:02  Roach x3  
  88  6:07  Zergling x2  
  88  6:08  Zergling x2  
  88  6:16  Zergling x4  
  89  6:25  Lair  
  87  6:31  Ravager  
  87  6:32  Ravager x3  
  91  6:35  Hatchery  
  90  6:40  Overlord  
  90  6:42  Ravager  
  90  6:43  Overlord x3  
  88  7:16  Drone x11  
  99  7:26  Hydralisk Den, Drone x2  
  99  7:27  Evolution Chamber x2  
  98  7:31  Extractor  
  98  7:33  Extractor  
  98  7:36  Overseer  
  96  7:39  Hatchery  
  96  7:42  Drone  
  97  7:44  Drone x3  
  97  7:51  Overlord x2  
  99  7:54  Drone x3  
  99  7:55  Drone x3  
  99  7:58  Drone x3  
  108  8:00  Zerg Ground Armor Level 1, Zerg Missile Weapons Level 1, Muscular Augments  
  100  8:16  Drone x3  
  100  8:19  Drone x4  
  108  8:20  Drone  
  108  8:30  Overlord x3, Extractor  
  108  8:31  Hydralisk x3  
  108  8:33  Overseer  
  113  8:36  Overseer  
  113  8:43  Hydralisk x3  
  119  8:53  Hydralisk x8  
  135  9:12  Grooved Spines, Overlord x3  
  135  9:13  Hydralisk x3, Overlord x2  
  141  9:30  Hydralisk x8  
  157  9:41  Spore Crawler  
  157  9:42  Spore Crawler  
  155  9:47  Hydralisk x7  
  169  10:03  Hydralisk x7  
  183  10:08  Infestation Pit  
  183  10:10  Extractor  
  181  10:17  Zergling x4  
  181  10:18  Zergling x4  
  181  10:38  Hydralisk x6  
  183  10:49  Hydralisk  
  176  10:50  Zergling x18  
Show
View Real Time Build Order
Export as new Build Order

Panic Protoss 

Build Orders:  

Get SALT Encoding   

  12  0:00  Probe  
  13  0:12  Probe  
  14  0:18  Pylon  
  14  0:24  Probe (Chrono Boost)  
  15  0:36  Probe (Chrono Boost)  
  15  0:40  Gateway  
  16  0:44  Probe (Chrono Boost)  
  16  0:47  Assimilator  
  17  0:51  Probe  
  18  1:03  Probe  
  19  1:15  Probe  
  19  1:16  Gateway  
  20  1:27  Zealot (Chrono Boost), Cybernetics Core, Probe  
  22  1:33  Pylon  
  22  1:39  Probe  
  23  1:50  Zealot (Chrono Boost)  
  27  2:21  Nexus  
  25  2:26  Probe  
  21  2:38  Probe  
  21  2:40  Robotics Facility  
  21  2:42  Stalker (Chrono Boost)  
  23  3:04  Probe  
  23  3:06  Warp Gate  
  23  3:16  Probe (Chrono Boost)  
  25  3:28  Probe (Chrono Boost)  
  25  3:30  Warp Prism  
  25  3:32  Probe (Chrono Boost)  
  28  3:35  Probe (Chrono Boost)  
  29  3:47  Probe (Chrono Boost)  
  31  3:48  Probe (Chrono Boost)  
  32  3:56  Probe (Chrono Boost)  
  32  3:57  Probe (Chrono Boost)  
  33  4:04  Pylon  
  33  4:06  Immortal  
  33  4:07  Probe  
  33  4:09  Probe (Chrono Boost)  
  39  4:21  Probe (Chrono Boost)  
  41  4:24  Probe (Chrono Boost)  
  41  4:29  Gateway  
  41  4:31  Gateway  
  41  4:32  Gateway  
  41  4:35  Gateway  
  41  4:36  Gateway  
  41  4:42  Gateway  
  41  4:46  Gateway  
  41  4:53  Probe x2  
  43  5:01  Pylon  
  43  5:03  Pylon  
  43  5:04  Pylon  
  43  5:08  Zealot  
  46  5:21  Probe  
  46  5:22  Probe  
  46  5:24  Zealot x2, Assimilator  
  46  5:27  Zealot  
  53  5:28  Zealot  
  53  5:30  Zealot  
  53  5:31  Zealot  
  53  5:33  Probe (Chrono Boost)  
  60  5:42  Zealot x2  
  65  5:44  Probe (Chrono Boost)  
  65  5:46  Zealot  
  65  5:47  Zealot  
  65  5:49  Zealot  
  67  5:53  Zealot  
  67  5:56  Zealot  
  65  5:59  Zealot  
  65  6:04  Zealot x2  
  65  6:08  Zealot  
  63  6:12  Zealot  
  63  6:15  Zealot  
  47  6:27  Probe x2  
  47  6:31  Stargate, Assimilator  
  47  6:33  Assimilator  
  47  6:34  Zealot x2  
  47  6:36  Zealot  
  47  6:39  Probe x2  
  55  6:42  Zealot  
  55  6:43  Zealot  
  59  6:51  Observer, Probe  
  59  6:52  Probe  
  62  6:56  Shield Battery  
  62  7:06  Zealot  
  62  7:07  Zealot x4  
  66  7:14  Void Ray (Chrono Boost)  
  66  7:15  Probe  
  55  7:19  Stargate, Probe  
  58  7:27  Probe  
  58  7:28  Zealot x4  
  67  7:31  Probe  
  67  7:32  Stalker x2  
  72  7:39  Probe  
  72  7:44  Probe  
  74  7:51  Probe  
  74  7:56  Pylon  
  72  8:06  Zealot x2  
  74  8:15  Void Ray x2  
  78  8:20  Fleet Beacon  
  78  8:22  Probe  
  79  8:28  Probe  
  79  8:29  Nexus  
  79  8:32  Pylon  
  80  8:37  Probe  
  80  8:38  Robotics Bay, Protoss Air Weapons Level 1  
  80  8:39  Pylon  
  80  8:40  Probe  
  82  8:50  Probe  
  82  8:52  Probe  
  84  8:56  Gateway  
  84  8:59  Zealot  
  84  9:02  Probe  
  87  9:03  Assimilator  
  87  9:06  Tempest (Chrono Boost)  
  87  9:08  Assimilator  
  92  9:15  Tempest (Chrono Boost)  
  97  9:25  Disruptor  
  100  9:33  Probe x2  
  102  9:41  Tempest  
  102  9:45  Probe x3  
  110  10:03  Disruptor (Chrono Boost)  
  109  10:09  Gateway  
  109  10:11  Gateway  
  109  10:12  Shield Battery  
  109  10:15  Shield Battery  
  109  10:16  Forge  
  111  10:37  Zealot x3  
  109  10:49  Zealot x3  
  108  10:53  Zealot  
  94  10:59  Zealot x3  
  94  11:02  Zealot  
Tags
 
Add a new tag
Caveats
  • Supply blocks, unpowered buildings, or Contaminate may cause inaccurate times.
  • Supply counts are checked every 10 seconds.